 Dungeon Crawl Stone Soup version 0.23-a0-650-ga4d50d4d25 (webtiles) character file.

353 Adamkad1 the Covered (level 6, -3/49 HPs)
             Began as a Demonspawn Fighter on Jan 4, 2019.
             Killed by nerve-wracking pain
             ... invoked by an orc priest
              (14 damage)
             ... on level 4 of the Dungeon.
             The game lasted 00:07:15 (4096 turns).

Adamkad1 the Covered (Demonspawn Fighter)           Turns: 4096, Time: 00:07:15

Health: -3/49      AC:  8    Str: 18    XL:     6   Next: 35%
Magic:  6/6        EV:  8    Int:  9    God:
Gold:   182        SH:  9    Dex: 13    Spells: 5/5 levels left

rFire    . . .     SeeInvis .   a - +0 flail
rCold    . . .     Gourm    .   c - +0 shield
rNeg     . . .     Faith    .   b - +0 scale mail
rPois    .         Spirit   .   (no helmet)
rElec    .         Reflect  .   (no cloak)
rCorr    .         Harm     .   (no gloves)
MR       .....                  (no boots)
Stlth    ++........             (no amulet)
HPRegen  0.16/turn              (no ring)
MPRegen  0.10/turn              (no ring)

@: lethally poisoned (-3 -> -9)
A: rugged brown scales 1, nightstalker 1, rot immunity
a: no special abilities


You were on level 4 of the Dungeon.
You were hungry.

You visited 1 branch of the dungeon, and saw 4 of its levels.

You collected 182 gold pieces.

Inventory:

Hand Weapons
 a - a +0 flail (weapon)
 p - a +0 dagger
 y - a +2 dagger of venom
Armour
 b - a +0 scale mail (worn)
 c - a +0 shield (worn)
 e - a cursed +0 large shield
 j - a +0 plate armour
Jewellery
 q - an uncursed amulet of guardian spirit
 r - a cursed ring of attention {unknown}
 v - a cursed amulet of inaccuracy {unknown}
Wands
 t - a wand of flame (14)
Scrolls
 i - 6 scrolls of identify {unknown}
 k - 2 scrolls of teleportation {unknown}
 l - a scroll of amnesia {unknown}
 m - a scroll of magic mapping {unknown}
 n - 2 scrolls of enchant armour {unknown}
 o - 2 scrolls of noise {unknown}
 s - a scroll of remove curse {unknown}
 u - 3 scrolls of immolation {unknown}
Potions
 d - a potion of heal wounds {unknown}
 g - a potion of haste
 w - a potion of agility {unknown}
 x - a potion of cancellation {unknown}
 z - a potion of curing
Comestibles
 f - 8 rations


   Skills:
 + Level 3.8 Fighting
 * Level 3.2 Maces & Flails
 * Level 4.0 Armour
 + Level 1.3 Dodging
 + Level 1.9 Stealth
 * Level 3.7 Shields


You had 5 spell levels left.
You didn't know any spells.
Your spell library was empty.

Dungeon Overview and Level Annotations

Branches:
Dungeon (4/15)
 Temple: D:4-7

Altars:
Cheibriados
Dithmenos
Trog
Wu Jian
Xom
Zin

Annotations:
D:2 2 transporters


Innate Abilities, Weirdness & Mutations

You are partially covered in rugged brown scales. (AC +1, +3% HP)
You are slightly more attuned to the shadows.
You are immune to rotting.


Message History

The orc priest hits you but does no damage.
The adder barely misses you.
You closely miss the orc priest.
The orc priest is almost dead.
You feel sick. The orc priest barely misses you. You block the adder's attack.
Your shield prevents you from hitting the orc priest.
The orc priest is almost dead.
You block the adder's attack. You block the orc priest's attack.
The adder bites you.
You are more poisoned.
The adder poisons you!
The orc priest calls down the wrath of Beogh upon you.
Beogh smites you!
* * * LOW HITPOINT WARNING * * *
You closely miss the orc priest.
The orc priest is almost dead.
You feel sick. The adder bites you but does no damage.
The orc priest invokes the aid of Beogh against you.
Pain shoots through your body!
You die...

#.#..###..#######..###
#......##.........##..
#......######.######.#
###..#.# ##'#....#.#
.....#o# ###..#....#.#
##....o###....#.#.<#.#
#.##.oo.#.#..#.#....#
#....##.#.#...S#.####
...#..##.#.[....@o###
....................#
##.#.#.####......##.#
.....#. ..#####....#
..>### ##. ###### #+


You could see an orc priest and an adder.

Vanquished Creatures
  Sigmund (D:2)
  A slave (D:3)
  An orc priest (D:3)
  Terence (D:2)
  5 adders
  A shadow imp (D:3)
  An ooze (D:2)
  3 worms (D:2)
  5 dart slugs
  A leopard gecko (D:1)
  4 orcs (D:3)
  A giant cockroach (D:1)
  3 hobgoblins
  6 jackals
  7 kobolds
  2 ball pythons (D:3)
  9 bats
  2 frilled lizards (D:1)
  8 goblins
  10 rats
72 creatures vanquished.

Notes
Turn   | Place    | Note
-------+----------+-------------------------------------------
     0 | D:1      | Adamkad1 the Demonspawn Fighter began the quest for the
                  | Orb.
     0 | D:1      | Reached XP level 1. HP: 18/18 MP: 1/1
   150 | D:1      | Gained mutation: You are immune to rotting. [demonic
                  | ancestry]
   150 | D:1      | Reached XP level 2. HP: 13/24 MP: 2/2
   389 | D:1      | Reached skill level 3 in Armour
   581 | D:1      | Gained mutation: You are slightly more attuned to the
                  | shadows. [demonic ancestry]
   581 | D:1      | Reached XP level 3. HP: 29/29 MP: 3/3
  1155 | D:2      | Gained mutation: You are partially covered in rugged brown
                  | scales. (AC +1, +3% HP) [demonic ancestry]
  1155 | D:2      | Reached XP level 4. HP: 22/36 MP: 4/4
  1413 | D:2      | Found a transporter.
  1422 | D:2      | Found a bloodstained altar of Trog.
  1423 | D:2      | Found a snail-covered altar of Cheibriados.
  1427 | D:2      | Reached skill level 1 in Stealth
  1433 | D:2      | Found a shimmering altar of Xom.
  1436 | D:2      | Noticed a hippogriff
  1438 | D:2      | Found a transporter.
  1502 | D:2      | Noticed Terence
  1514 | D:2      | Killed Terence
  1952 | D:2      | Noticed Sigmund
  1983 | D:2      | Killed Sigmund
  1983 | D:2      | Reached skill level 1 in Dodging
  1983 | D:2      | Reached XP level 5. HP: 43/43 MP: 5/5
  1983 | D:2      | Reached XP level 6. HP: 49/49 MP: 6/6
  3442 | D:4      | Noticed a slave
  3442 | D:4      | Noticed a slave
  3443 | D:4      | Noticed a slave
  3468 | D:3      | Killed a slave
  3619 | D:4      | Found a shadowy altar of Dithmenos.
  3623 | D:4      | Found an ornate altar of the Wu Jian Council.
  3625 | D:4      | Found a glowing silver altar of Zin.
  3626 | D:4      | Found a faded altar of an unknown god.
  3629 | D:4      | Found a faded altar of an unknown god.
  3812 | D:3      | Reached skill level 4 in Armour
  4096 | D:4      | Killed from afar by an orc priest

Vault maps used:
D:1:      lightli_arrival_boilingwater, minmay_distorted
D:2:      gammafunk_temple_overflow_arena, chequers_serial_rivers_marsh,
          minmay_misc_feat_nine_boxes, uniq_sigmund, uniq_terence
D:3:      first_ration, minmay_misc_feat_hallway, wad_woods_river_04
D:4:      chequers_temple_overflow_minitemple, dk_vineyard_2,
          kennysheep_orc_chapel, uniq_pikel

Skill      XL: |  1  2  3  4  5  6 |
---------------+-------------------+-----
Maces & Flails | 2 3 |  3.2
Armour         | 3 4 |  4.0
Shields        | 3 |  3.7
Stealth        | 1 |  1.9
Dodging        | 1 |  1.3
Fighting       | |  3.8

Action                   |  1- 3 |  4- 6 || total
-------------------------+-------+-------++-------
Melee: Flail             |   139 |   153 ||   292
       Dagger            |     2 |       ||     2
  Use: Potion            |       |     3 ||     3
 Stab: Sleeping          |       |     4 ||     4
  Eat: Chunk             |     1 |     9 ||    10
Armor: Scale mail        |    84 |    63 ||   147
Dodge: Dodged            |    54 |    47 ||   101
Block: Shield            |    83 |    87 ||   170

Table legend:
 A = Non-vault XP
 B = Vault XP
 C = Vault XP percentage of total XP
 D = Non-vault monster count
 E = Vault monster count
 F = Vault count percentage of total count
                 A         B        C        D         E       F
            +---------+---------+-------+---------+---------+-------
      Total |     240 |     265 |  52.5 |      66 |       5 |   7.0
            +---------+---------+-------+---------+---------+-------
        D:1 |      42 |       6 |  12.5 |      25 |       3 |  10.7
        D:2 |      89 |     259 |  74.4 |      17 |       2 |  10.5
        D:3 |     109 |       0 |   0.0 |      24 |       0 |   0.0
            +---------+---------+-------+---------+---------+-------
